 Dungeon Crawl Stone Soup version 0.24.1-4-ge52af88ad5 (webtiles) character file.

Game seed: 3761392355629772801, levelgen mode: deterministic

182 Gruesph the Ruffian (level 5, -5/46 HPs)
             Began as a Naga Transmuter on Apr 16, 2020.
             Slain by an orc warrior
             ... wielding a +0 scimitar
              (15 damage)
             ... on level 6 of the Dungeon.
             The game lasted 00:10:24 (3164 turns).

Gruesph the Ruffian (Naga Transmuter)               Turns: 3164, Time: 00:10:25

Health: -5/46      AC:  4    Str: 13    XL:     5   Next: 61%
Magic:  2/8        EV: 10    Int: 13    God:
Gold:   132        SH:  0    Dex: 12    Spells: 2/8 levels left

rFire    . . .     SeeInvis +     - Unarmed
rCold    . . .     Gourm    .   (no shield)
rNeg     . . .     Faith    .   b - +0 robe
rPois    +         Spirit   .   j - -1 helmet (curse)
rElec    .         Reflect  .   d - +1 cloak
rCorr    .         Harm     .   (no gloves)
MR       +....                  (no barding)
Stlth    ++........             (no amulet)
HPRegen  0.15/turn              g - ring of protection from magic
MPRegen  0.11/turn              (no ring)

@: very slightly contaminated, very slow
A: large, see invisible, deformed body, poison resistance, slowness 2, slow
metabolism 1, spit poison 1, AC +1
a: Spit Poison


You were on level 6 of the Dungeon.
You were hungry.

You visited 1 branch of the dungeon, and saw 4 of its levels.

You collected 132 gold pieces.

Inventory:

Missiles
 a - 72 arrows
 h - 148 stones (quivered)
Armour
 b - a +0 robe (worn)
 d - a +1 cloak (worn)
 j - a cursed -1 helmet (worn)
Jewellery
 g - a ring of protection from magic (left hand)
Scrolls
 k - a scroll of magic mapping {unknown}
 l - a scroll of blinking {unknown}
 m - a scroll of fog {unknown}
 n - a scroll of immolation {unknown}
 q - a scroll of fear {unknown}
Potions
 c - 2 potions of curing
 e - a potion of resistance
 i - a potion of cancellation {unknown}
 o - a potion of flight {unknown}
 p - a potion of might {unknown}
Comestibles
 f - 4 rations


   Skills:
 + Level 2.5 Fighting
 - Level 1.5 Dodging
 + Level 3.7 Stealth
 * Level 4.6 Unarmed Combat
 - Level 2.0 Spellcasting
 - Level 2.0 Transmutations
 + Level 1.7 Poison Magic


You had 2 spell levels left.
You knew the following spells:

 Your Spells              Type           Power        Failure   Level  Hunger
a - Beastly Appendage     Tmut           #.....       11%         1    ##.....
b - Sticks to Snakes      Tmut           #.......     17%         2    ###....
c - Spider Form           Tmut/Pois      #.........   34%         3    ####...

Your spell library contained the following spells:

 Spells                   Type           Power        Failure   Level  Hunger
 Ice Form                 Ice/Tmut       #.......     86%         4    #####..
 Blade Hands              Tmut           #.........   97%         5    ######.


Dungeon Overview and Level Annotations

Branches:
Dungeon (3/15)

Altars:


Innate Abilities, Weirdness & Mutations

You cannot wear boots.
Your serpentine skin is tough. (AC +1)
You have supernaturally acute eyesight. (SInv)
Armour fits poorly on your strangely shaped body.
Your system is resistant to poisons. (rPois)
You cover ground very slowly.
You have a slow metabolism.
You can spit poison.


Message History

The shadow imp hits you.
* * * LOW HITPOINT WARNING * * *
The orc warrior hits you with a +0 scimitar.
* * * LOW HITPOINT WARNING * * *
You hit the orc warrior.
The orc warrior is moderately wounded.
The shadow imp hits you.
* * * LOW HITPOINT WARNING * * *
The orc warrior closely misses you.
You feel better. The shadow imp hits you.
* * * LOW HITPOINT WARNING * * *
The orc warrior barely misses you.
You hit the orc warrior but do no damage.
You punch the orc warrior!
The orc warrior is heavily wounded.
The shadow imp hits you but does no damage.
You closely miss the orc warrior.
The orc warrior is heavily wounded.
The orc warrior hits you with a +0 scimitar!
You die...

$......#
#####.....##
#..#.......#
#..........#
#..#.....>.#
##.#......##
#.#.#...##
#o#.#.#.#
#@#.o.#.#
#5##..#..
#.# .#. ..
#.. .# ##.
.. #. ..


You could see an orc warrior and a shadow imp.

Vanquished Creatures
  A bullfrog skeleton (D:6)
  2 orc wizards (D:3)
  2 adders
  2 worms
  8 dart slugs
  A leopard gecko (D:2)
  2 orcs (D:3)
  A giant cockroach (D:6)
  4 hobgoblins
  2 jackals (D:1)
  8 kobolds
  5 bats
  A frilled lizard (D:2)
  6 goblins
  12 rats
57 creatures vanquished.

Vanquished Creatures (collateral kills)
  A worm (D:2)
1 creature vanquished.

Vanquished Creatures (others)
  Eustachio (D:6)
  An orc wizard (D:6)
  An orc priest (D:6)
  An orc (D:6)
4 creatures vanquished.

Grand Total: 62 creatures vanquished

Notes
Turn   | Place    | Note
-------+----------+-------------------------------------------
     0 | D:1      | Gruesph the Naga Transmuter began the quest for the Orb.
     0 | D:1      | Reached XP level 1. HP: 18/18 MP: 3/3
   263 | D:1      | Reached skill level 1 in Stealth
   263 | D:1      | Reached XP level 2. HP: 25/25 MP: 5/5
   565 | D:1      | Reached XP level 3. HP: 17/31 MP: 6/6
  1494 | D:2      | Reached skill level 4 in Unarmed Combat
  1494 | D:2      | Reached XP level 4. HP: 29/39 MP: 7/7
  1717 | D:2      | Learned a level 2 spell: Sticks to Snakes
  1721 | D:2      | Learned a level 3 spell: Spider Form
  1999 | D:2      | Found a faded altar of an unknown god.
  2750 | D:3      | Reached skill level 1 in Poison Magic
  2754 | D:3      | Reached XP level 5. HP: 38/46 MP: 1/8
  3028 | D:3      | You fall into a shaft and drop 3 floors!
  3031 | D:6      | Killed Eustachio
  3138 | D:6      | Noticed an orc warrior
  3164 | D:6      | Slain by an orc warrior

Levels and vault maps discovered:
D:1:      lemuel_arrival_lava_pool, layout_basic, st_stairs_14,
          hangedman_decor_peaks_small
D:2:      cheibrodos_helix_gallery, layout_loops_ring,
          chequers_ecumenical_altar_simple, minmay_misc_feat_tiny,
          kennysheep_generic_room_6
D:3:      layout_basic, first_ration
D:6:      layout_rooms, grunt_ministairs_3, lemuel_flamethrower_2,
          uniq_eustachio, uniq_pikel

Skill      XL: |  1  2  3  4 |
---------------+-------------+-----
Stealth        | 1 2 3 |  3.7
Unarmed Combat | 4 |  4.6
Fighting       | 2 |  2.5
Poison Magic   | 1 |  1.7
Dodging        | |  1.5
Spellcasting   | |  2.0
Transmutations | |  2.0

Action                   |  1- 3 |  4- 6 || total
-------------------------+-------+-------++-------
Melee: Unarmed           |   107 |   121 ||   228
       Punch             |     2 |     1 ||     3
Throw: Stone             |    15 |    10 ||    25
 Cast: Beastly Appendage |     1 |       ||     1
       Sticks to Snakes  |       |     7 ||     7
       Spider Form       |       |     1 ||     1
 Abil: Spit Poison       |     1 |     3 ||     4
  Use: Scroll            |     3 |       ||     3
       Potion            |       |     1 ||     1
 Stab: Sleeping          |     1 |     2 ||     3
       Distracted        |       |     1 ||     1
  Eat: Chunk             |     1 |     1 ||     2
       Ration            |       |     1 ||     1
Armor: Robe              |    32 |    29 ||    61
       Skin              |       |     1 ||     1
Dodge: Dodged            |    71 |    68 ||   139
